 Dungeon Crawl Stone Soup version 0.32-a0-711-g016ad743e0 (webtiles) character file.

Game seed: 15642469793196680272

203585 croobank the Necromancer (level 18, -1/91 (93) HPs)
             Began as a Felid Summoner on Mar 14, 2024.
             Was a High Priest of Jiyva.
             Slain by a steelbarb worm (25 damage)
             ... on level 4 of the Spider Nest on Mar 15, 2024.
             The game lasted 03:59:04 (41392 turns).

croobank the Necromancer (Felid Summoner)          Turns: 41392, Time: 03:59:05

HP:   -1/91 (93)    AC:  3    Str: 12    XL:     18   Next: 36%
MP:   9/50          EV: 23    Int: 24    God:    Jiyva [*****.]
Gold: 1536          SH:  5    Dex: 18    Spells: 4/49 levels left
                                        Lives: 0   Deaths: 6

rFire   . . .        (weapon unavailable)
rCold   + . .        (shield unavailable)
rNeg    + . .        (body armour unavailable)
rPois   .            (helmet unavailable)
rElec   .            (cloak unavailable)
rCorr   +            (gloves unavailable)
SInv    +            (boots unavailable)
Will    ++...        E - amulet of reflection
Stlth   +++++        F - +6 ring of strength
HPRegen 1.79/turn    e - ring of positive energy
MPRegen 1.04/turn

%: reflection
@: mighty, spiked, lightly drained
A: very small, claws 1, fangs 3, see invisible, shaggy fur 3, stealthy paws, no
weapons or thrown items, no armour, multi-lived, high MP 3, acidic bite,
eyeballs 2, jelly sensing items, jelly absorbing missiles
a: Renounce Religion, Oozemancy, Slimify


You were on level 4 of the Spider Nest.
You worshipped Jiyva.
Jiyva was extremely pleased with you.
You visited 6 branches of the dungeon, and saw 32 of its levels.
You also visited: Ice Cave.

You collected 2734 gold pieces.
You spent 1198 gold pieces at shops.

Inventory:

Jewellery
 a - a ring of flight
 e - a ring of positive energy (right paw)
 x - a +5 ring of evasion
 E - an amulet of reflection (around neck)
 F - a +6 ring of strength (left paw)
Talismans
 H - a beast talisman
Wands
 m - a wand of polymorph (11)
 q - a wand of paralysis (3)
 s - a wand of mindburst (12)
 t - a wand of warping (24)
 w - a wand of flame (13)
 C - a wand of digging (26)
Scrolls
 f - 4 scrolls of vulnerability
 g - 2 scrolls of teleportation
 h - a scroll of amnesia
 i - 5 scrolls of identify
 j - a scroll of fog
 u - a scroll of torment
 v - a scroll of poison
 y - a scroll of immolation
Potions
 b - a potion of attraction
 c - 2 potions of magic
 d - 4 potions of cancellation
 k - 9 potions of curing
 l - 2 potions of lignification
 n - 3 potions of resistance
 o - 5 potions of haste
 p - 2 potions of might
 r - a potion of brilliance
 z - a potion of heal wounds
 B - a potion of berserk rage
 D - a potion of enlightenment
 I - a potion of mutation
Miscellaneous
 A - a tin of tremorstones (2/2)


   Skills:
 - Level 10.0 Fighting
 - Level 10.0 Dodging
 - Level 10.0 Stealth
 - Level 16.0 Spellcasting
 - Level 5.0 Hexes
 - Level 16.0 Summonings
 + Level 19.1 Necromancy
 - Level 5.0 Fire Magic
 - Level 7.0 Air Magic


You had 4 spell levels left.
You knew the following spells:

 Your Spells              Type           Power      Damage    Failure   Level
a - Summon Small Mammal   Summ           100%       N/A       0%          1
c - Call Canine Familiar  Summ           77%        N/A       0%          3
d - Summon Blazeheart Go  Fire/Summ      62%        N/A       1%          4
e - Summon Lightning Spi  Summ/Air       65%        N/A       1%          4
A - Animate Dead          Necr           84%        N/A       0%          4
D - Death Channel         Necr           42%        N/A       1%          6
H - Haunt                 Necr/Summ      40%        N/A       1%          7
I - Infestation           Necr           42%        N/A       7%          8
M - Martyr's Knell        Necr/Summ      80%        N/A       1%          4
N - Anguish               Hex/Necr       33%        N/A       1%          4

Your spell library contained the following spells:

 Spells                   Type           Power      Damage    Failure   Level
 Necrotise                Necr           100%       1d9       0%          1
 Call Imp                 Summ           100%       N/A       0%          2
 Vampiric Draining        Necr           84%        2d12      0%          3
 Dispel Undead            Necr           84%        3d27      0%          4
 Kiss of Death            Conj/Necr      100%       2d13      1%          1
 Slow                     Hex            100%       N/A       1%          1
 Cigotuvi's Dreadful Rot  Necr/Alch/Air  100%       N/A       1%          2
 Jinxbite                 Hex            86%        N/A       1%          2
 Scorch                   Fire           86%        2d8       1%          2
 Confusing Touch          Hex            43%        N/A       1%          3
 Sigil of Binding         Hex            43%        N/A       1%          3
 Apportation              Tloc           38%        N/A       2%          1
 Sting                    Conj/Alch      76%        1d7       2%          1
 Cause Fear               Hex            21%        N/A       3%          4
 Flame Wave               Conj/Fire      31%        2d9       10%         4
 Brom's Barrelling Bould  Conj/Erth      19%        2d4       28%         4
 Borgnjor's Vile Clutch   Necr/Erth      30%        N/A       1%          5
 Summon Cactus Giant      Summ           38%        N/A       1%          6
 Borgnjor's Revivificati  Necr           42%        N/A       7%          8
 Summon Horrible Things   Summ           38%        N/A       26%         8
 Fireball                 Conj/Fire      15%        3d8       28%         5
 Yara's Violent Unravell  Hex/Alch       15%        3d8       28%         5
 Alistair's Intoxication  Alch           12%        N/A       61%         5
 Iskenderun's Battlesphe  Conj           19%        2d7       61%         5
 Lee's Rapid Deconstruct  Erth           9%         3d7*      61%         5
 Malign Gateway           Summ/Tloc      27%        N/A       65%         7
 Conjure Ball Lightning   Conj/Air       18%        3x3d6     71%         6
 Death's Door             Necr           42%        N/A       73%         9
 Enfeeble                 Hex            21%        N/A       97%         7
 Sculpt Simulacrum        Ice/Alch       9%         N/A       99%         6
 Dragon's Call            Summ           38%        N/A       99%         9
 Orb of Destruction       Conj           9%         9d6       100%        7
 Animate Armour           Summ/Erth      Unusable   N/A       N/A         4
 Dimensional Bullseye     Hex/Tloc       Unusable   N/A       N/A         4

Dungeon Overview and Level Annotations

Branches:
Dungeon (15/15)            Temple (1/1) D:7            Lair (5/5) D:9
  Swamp (0/4) Lair:2       Spider (4/4) Lair:2        Slime (5/5) Lair:5
    Orc (2/2) D:11            Elf (0/3) Orc:2        Vaults (0/5) D:14
 Depths (0/4) D:15          IceCv (visited)

Altars:
Ashenzari
Cheibriados
Dithmenos
Elyvilon
Fedhas
Gozag
Hepliaklqana
Kikubaaqudgha
Makhleb
Nemelex Xobeh
Okawaru
Qazlal
Ru
Sif Muna
Trog
Uskayaw
Vehumet
Wu Jian
Xom
Yredelemnul
Zin
The Shining One
Beogh
Jiyva

Shops:
D:4 !   D:11 *   D:13 !   D:14 :   Orc:2 **:[

Portals:
Pandemonium: Orc:2

Annotations:
D:8 2 transporters, Fodor's ghost, novice MiFi
Lair:2 1 runed translucent door, Bediveer's ghost, journeyman OnAE
Slime:5 Royal Jelly


Innate Abilities, Weirdness & Mutations

You have sharp claws.
You have razor-sharp teeth.
You have supernaturally acute eyesight. (SInv)
Your thick and shaggy fur keeps you warm. (AC +3, rC+)
Your paws help you pounce on unaware monsters.
You are incapable of wielding weapons or throwing items.
You cannot wear armour.
You gain extra lives every three experience levels.
You have a greatly increased reservoir of magic. (+30% MP)
You have acidic saliva.
Your body has grown many eyes which may confuse attackers. (Acc +5)
You have a small jelly attached to you that senses nearby items.
You have a small jelly attached to you that may absorb projectiles.


Message History

You see here a wolf spider corpse.
You are no longer corroded.
The steelbarb worm is engulfed in blazing flames.
The broodmother is engulfed in blazing flames.
Casting: Anguish (safe; 1% risk of failure)
Confirm with . or Enter, or press ? or * to list all spells.
A fiery spirit appears, bound in slag iron.
The steelbarb worm is engulfed in blazing flames.
The tarantella is engulfed in blazing flames.
The broodmother is engulfed in blazing flames.
Send 'em back where they came from!
Your blazeheart golem disappears in a puff of smoke!
Casting: Summon Blazeheart Golem (safe; 1% risk of failure)
Confirm with . or Enter, or press ? or * to list all spells.
A fiery spirit appears, bound in slag iron.
The tarantella is engulfed in blazing flames.
The steelbarb worm hits you!!
* * * LOW HITPOINT WARNING * * *
You shudder from the blow and a jelly pops out!
Barbed spikes become lodged in your body.
The steelbarb worm is wracked by anguish!!
Send 'em back where they came from!
Your blazeheart golem shudders.
Your quicksilver ooze dissolves into a puddle of slime!
The broodmother summons spiders!
The tarantella completely misses you.
You claw the broodmother!
The broodmother is almost dead.
Your blazeheart golem disappears in a puff of smoke!
You block the steelbarb worm's attack. The tarantella barely misses you.
The jumping spider pounces on you!
* * * LOW HITPOINT WARNING * * *
The jumping spider completely misses you.
The steelbarb worm completely misses you.
You feel much better. The tarantella closely misses you.
The jumping spider barely misses you. The jumping spider bites you.
* * * LOW HITPOINT WARNING * * *
The eyeballs on your body gaze at the jumping spider.
The broodmother barely misses you. The steelbarb worm hits you!!
You die...
Jiyva sends a jelly to digest your remains.

..##...##...^..#####....#
.##.†..^##..)...~###....#
.................~####..#
.##.....##.........# ##^#
9.##...##..........# ###
ZZ###.###....^.....##
.s^^#.#^^.....†.....#
...............#s#.^.#
.○...........###@###~.#
#s..........^#.sws.#..#
....^......##..s..##~#
...^#.#.^...^..sss.# # #
###..##.....##.^# .
#~.^#.....#...#
..##.~###.###~.##
......^^#.#§...$#
##...§...[....#


You could see 2 broodmothers, a steelbarb worm (anguished), an orb spider
(summoned), a culicivora (summoned), a jumping spider (summoned, confused) and 2
tarantellas.

Vanquished Creatures
  2 acid blobs
  Donald (Spider:1)
  2 rockslimes
  An azure jelly (Slime:2)
  A ghost moth (Spider:4)
  An ironbound preserver (D:14)
  An orc warlord (Orc:1)
  A formless jellyfish (Slime:5)
  2 quicksilver oozes
  A spark wasp (Spider:4)
  2 entropy weavers
  2 rakshasas (D:15)
  2 catoblepae (Lair:5)
  2 centaur warriors
  3 boulder beetles
  A jorogumo (Spider:2)
  2 two-headed ogres
  3 demonic crawlers
  An emperor scorpion zombie (Spider:4)
  3 skeletal warriors (D:15)
  A pharaoh ant (Spider:1)
  A jorogumo zombie (Spider:2)
  Pikel (D:6)
  5 orc knights
  A wolf spider zombie (D:12)
  An orc sorcerer (Orc:1)
  3 cyclopes
  A wolf spider (Spider:3)
  5 ugly things
  A kobold blastminer (Orc:2)
  A centaur zombie (D:15)
  A black mamba (Lair:5)
  A human zombie (D:14)
  A torpor snail (Spider:4)
  3 cane toads
  The ghost of ragingrage the Slasher, a novice HuHs (D:5)
  A kobold demonologist (D:14)
  An orb spider zombie (Spider:2)
  A steelbarb worm zombie (Spider:1)
  A redback zombie (Spider:2)
  A komodo dragon (Lair:4)
  An ice devil (Orc:2)
  5 trolls
  2 tarantellas
  Prince Ribbit (D:5)
  3 hornets (D:9)
  A blink frog (Lair:1)
  A jumping spider zombie (Spider:4)
  A jumping spider (Spider:4)
  2 centaur simulacra
  9 slime creatures
  A shadow (D:10)
  A culicivora (Spider:2)
  A wraith (D:10)
  21 yaks
  A dire elephant simulacrum (IceCv)
  A wyvern (D:9)
  A warg (Orc:1)
  A steam dragon (D:10)
  4 vampire mosquitoes (D:12)
  4 redbacks
  An acid dragon (D:10)
  5 water moccasins
  12 orc warriors
  3 ogres
  3 wolves
  A torpor snail zombie (Spider:4)
  A kobold zombie (Orc:1)
  A phantom (D:5)
  A bullfrog (Lair:3)
  A gnoll sergeant (D:8)
  A scorpion (D:6)
  2 wights
  2 yak zombies (D:11)
  An elephant simulacrum (IceCv)
  5 killer bees
  A troll zombie (D:12)
  2 howler monkeys
  2 orc priests
  2 hounds
  A gnoll bouda (D:9)
  A sleepcap (D:7)
  An acid dragon zombie (D:12)
  An ogre zombie (Orc:1)
  3 adders
  2 shadow imps
  A nameless horror (D:10)
  A ribbon worm (D:2)
  10 orcs
  An endoplasm (D:1)
  A giant cockroach (D:1)
  3 goblins
  A hobgoblin (D:3)
  A kobold (D:10)
  A quokka (D:5)
  2 ball pythons
  11 orc zombies
  A rat (D:1)
219 creatures vanquished.

Vanquished Creatures (collateral kills)
  17 acid blobs
  8 rockslimes
  7 azure jellies
  2 emperor scorpions (Spider:4)
  2 ghost moths
  2 formless jellyfish
  9 quicksilver oozes
  4 broodmothers (Spider:4)
  2 entropy weavers (Spider:4)
  4 great orbs of eyes
  2 hydras
  A centaur warrior (D:13)
  2 ogre magi
  5 jorogumos
  A demonspawn (Orc:2)
  2 boulder beetles
  6 death yaks (Lair:5)
  3 catoblepae
  2 two-headed ogres (Orc:1)
  A demonic crawler (Spider:3)
  2 orc high priests (Orc:2)
  4 pharaoh ants
  An arcanist (D:14)
  6 orb spiders
  4 sun moths
  A glowing orange brain (Slime:5)
  A steelbarb worm (Spider:1)
  2 orc knights
  17 wolf spiders
  7 wolf spider zombies
  A necromancer (D:15)
  3 deep elf pyromancers
  An ugly thing (D:14)
  9 shining eyes
  A manticore (D:13)
  2 cyclopes
  Joseph (D:7)
  8 orc sorcerers (Orc:2)
  A moth of wrath (Spider:3)
  8 elephants
  A centaur zombie (D:15)
  2 black mambas
  An eye of devastation (Slime:5)
  3 torpor snails
  3 unseen horrors
  5 cane toads
  3 komodo dragons
  4 rime drakes
  A kobold demonologist (D:13)
  A tengu conjurer (D:15)
  4 trolls
  6 redback zombies
  A wolf spider simulacrum (D:15)
  4 blink frogs (Lair:1)
  3 glass eyes
  3 culicivora zombies
  6 tarantella zombies
  3 jumping spider zombies
  16 tarantellas
  82 slime creatures
  11 culicivoras
  Sigmund (D:2)
  41 yaks
  17 jumping spiders
  A wyvern (D:7)
  2 wraiths
  A shadow (D:12)
  A water elemental (D:13)
  A basilisk (Lair:4)
  2 neqoxecs (Orc:2)
  Grum (D:9)
  5 golden eyes
  5 vampire mosquitoes
  45 redbacks
  An entropy weaver zombie (Spider:1)
  15 water moccasins
  3 black bears
  12 orc warriors
  An ice beast (D:8)
  9 wolves
  3 boggarts (D:15)
  6 ogres
  3 centaurs
  The ghost of jasper the Digger, an amateur CoEE (D:3)
  3 kobold brigands
  3 nameless horrors
  18 bullfrogs
  3 gnoll sergeants
  7 scorpions
  10 wights
  A tengu zombie (D:15)
  9 killer bees
  An elephant simulacrum (IceCv)
  9 howler monkeys
  2 bombardier beetles (D:3)
  13 orc priests
  3 hounds
  3 jellies
  A gnoll bouda (D:7)
  A sleepcap (D:6)
  3 iguanas
  Ijyb (D:5)
  18 orc wizards
  15 gnolls
  13 adders
  A shadow imp (D:5)
  2 dart slugs
  A ribbon worm (D:2)
  73 orcs
  4 ball pythons
  10 endoplasms
  8 giant cockroaches
  6 goblins
  6 hobgoblins
  14 kobolds
  3 quokkas
  3 bats
  4 frilled lizards
  3 orc zombies (Orc:2)
  3 rats
  A spectral orc (D:9)
781 creatures vanquished.

Vanquished Creatures (others)
  8 acid blobs
  2 azure jellies
  7 rockslimes
  7 quicksilver oozes
  5 formless jellyfish
  A rockslime zombie (Slime:5)
  2 acid blob zombies
  2 entropy weavers
  3 great orbs of eyes
  A hydra (D:14)
  3 centaur warriors
  2 demonspawn (Orc:2)
  2 boulder beetles
  A two-headed ogre (Orc:1)
  2 quicksilver ooze zombies (Slime:5)
  A deep troll shaman (Lair:5)
  2 azure jelly zombies
  2 demonic crawlers
  A skyshark (Lair:5)
  3 pharaoh ants (Spider:2)
  5 orb spiders
  A sun moth (Spider:3)
  2 ghost moth zombies
  A jorogumo zombie (Spider:4)
  10 wolf spiders
  2 steelbarb worms
  4 wolf spider zombies
  2 orc knights
  4 orc sorcerers
  A cyclops (D:13)
  A manticore (D:13)
  A faun (Lair:3)
  3 elephants (Lair:3)
  3 formless jellyfish zombies
  Maurice (Orc:1)
  4 ugly things (D:14)
  A kobold blastminer (Orc:1)
  A black mamba (Lair:4)
  5 cane toads
  A smoke demon (Orc:2)
  19 redback zombies
  2 tengu conjurers
  An ice devil (Orc:2)
  A steelbarb worm zombie (Spider:1)
  2 komodo dragons
  3 orb spider zombies
  2 demonic crawler zombies
  A troll (Orc:2)
  11 tarantellas
  A boulder beetle zombie (D:13)
  A polar bear (Lair:5)
  3 jumping spider zombies
  2 blink frogs (Lair:1)
  2 culicivora zombies (Spider:1)
  6 tarantella zombies
  33 slime creatures
  3 ugly thing zombies
  8 jumping spiders
  A culicivora (shapeshifter) (D:14)
  A wraith (D:14)
  A centaur simulacrum (D:14)
  4 culicivoras
  14 slime creature zombies
  14 yaks
  2 wargs
  16 redbacks
  A demonspawn zombie (Orc:2)
  An acid dragon (D:12)
  6 water moccasins
  4 cane toad zombies
  A swamp drake (Lair:1)
  19 orc warriors
  9 wolves
  A blink frog zombie (Lair:1)
  2 boggarts (D:15)
  6 elephant zombies
  A torpor snail zombie (Spider:4)
  A bullfrog (Lair:3)
  2 warg zombies
  4 water moccasin zombies
  A cyclops zombie (Orc:1)
  A troll zombie (Orc:2)
  A polar bear zombie (Lair:5)
  A tengu zombie (D:15)
  4 yak zombies
  An electric eel (D:13)
  6 wolf zombies
  A centaur zombie (D:9)
  22 jellies
  3 bullfrog zombies
  6 orc priests
  2 orc wizards
  4 scorpion zombies (Lair:2)
  A boggart zombie (D:15)
  3 adders (Lair:1)
  46 orc zombies
  4 adder zombies (Lair:1)
  11 orcs
  A giant cockroach (Lair:2)
  4 giant cockroach zombies (Lair:2)
  130 blazeheart cores
575 creatures vanquished.

Grand Total: 1575 creatures vanquished

Notes
Turn   | Place    | Note
-------+----------+-------------------------------------------
     0 | D:1      | croobank the Felid Summoner began the quest for the Orb.
     0 | D:1      | Reached XP level 1. HP: 9/9 MP: 4/4
   567 | D:1      | Reached XP level 2. HP: 12/14 MP: 3/6
   575 | D:1      | Learned a level 2 spell: Call Imp
   975 | D:1      | Reached skill level 1 in Fighting
  1039 | D:1      | Reached XP level 3. HP: 18/18 MP: 5/7
  1043 | D:1      | Learned a level 3 spell: Call Canine Familiar
  1868 | D:2      | Noticed Sigmund
  1880 | D:2      | Killed Sigmund
  1881 | D:2      | Reached XP level 4. HP: 23/23 MP: 0/9
  1881 | D:2      | Gained a life (2 lives remaining)
  1881 | D:2      | Reached XP level 5. HP: 26/26 MP: 0/10
  2128 | D:2      | Learned a level 4 spell: Summon Blazeheart Golem
  3036 | D:3      | Found a runed translucent door.
  3127 | D:3      | Noticed jasper's ghost (amateur CoEE)
  3150 | D:3      | Gained mutation: You are covered in thick fur. (AC +2)
                  | [Felid growth]
  3150 | D:3      | Reached XP level 6. HP: 32/32 MP: 7/11
  3251 | D:3      | Reached skill level 1 in Fire Magic
  3253 | D:3      | Killed jasper's ghost
  4237 | D:4      | Reached skill level 5 in Stealth
  4237 | D:4      | Reached skill level 5 in Summonings
  4361 | D:4      | Reached XP level 7. HP: 35/35 MP: 7/13
  4502 | D:4      | Found Xenwosm's Distillery.
  4533 | D:4      | Bought a potion of degeneration for 10 gold pieces
  4534 | D:4      | Bought a potion of might for 40 gold pieces
  4534 | D:4      | Bought a potion of haste for 100 gold pieces
  4534 | D:4      | Bought a potion of cancellation for 80 gold pieces
  4898 | D:4      | Reached skill level 5 in Dodging
  5002 | D:5      | Entered Level 5 of the Dungeon
  5055 | D:5      | Noticed ragingrage's ghost (novice HuHs)
  5056 | D:5      | Found a runed translucent door.
  5072 | D:5      | Killed ragingrage's ghost
  5099 | D:5      | Noticed Prince Ribbit
  5103 | D:5      | Noticed Ijyb
  5204 | D:5      | Killed Ijyb
  5265 | D:5      | Reached XP level 8. HP: 36/40 MP: 10/14
  5273 | D:5      | Found a broken altar of Ashenzari.
  5730 | D:5      | Learned a level 4 spell: Summon Lightning Spire
  5786 | D:5      | Killed Prince Ribbit
  5787 | D:5      | Reached skill level 1 in Air Magic
  6201 | D:5      | Found a snail-covered altar of Cheibriados.
  6436 | D:6      | Reached XP level 9. HP: 49/49 MP: 15/22
  6737 | D:6      | Found a bloodstained altar of Trog.
  6763 | D:6      | Noticed Pikel
  6772 | D:6      | Killed Pikel
  6773 | D:6      | Reached XP level 10. HP: 28/53 MP: 11/23
  7148 | D:6      | Identified the +1 ring mail of the Other Side {rElec Will-
                  | Dex+2 Slay+5}
  7798 | D:7      | Found a staircase to the Ecumenical Temple.
  7803 | Temple   | Entered the Ecumenical Temple
  7826 | Temple   | Became a worshipper of Kikubaaqudgha
  9163 | D:7      | Noticed Joseph
  9189 | D:7      | Killed Joseph
  9914 | D:8      | Slain by an unseen horror
  9914 | D:8      | Lost a life (1 life remaining)
 10197 | D:8      | Reached * piety under Kikubaaqudgha
 10197 | D:8      | Received a gift from Kikubaaqudgha
 10203 | D:8      | Learned a level 4 spell: Animate Dead
 10252 | D:8      | Reached skill level 1 in Necromancy
 10791 | D:8      | Found a stormy altar of Qazlal.
 10792 | D:8      | Found an opulent altar of Gozag.
 10813 | D:8      | Reached skill level 2 in Necromancy
 11060 | D:8      | Found a transporter.
 11109 | D:8      | Found a transporter.
 11110 | D:8      | Noticed Fodor's ghost (novice MiFi)
 11427 | D:8      | Reached XP level 11. HP: 58/58 MP: 20/24
 11427 | D:8      | Gained a life (2 lives remaining)
 11550 | D:8      | Reached ** piety under Kikubaaqudgha
 11909 | D:9      | Reached skill level 5 in Fire Magic
 11915 | D:9      | Reached skill level 3 in Necromancy
 12048 | D:9      | Found a radiant altar of Vehumet.
 12262 | D:9      | Found a hazy altar of Hepliaklqana.
 12320 | D:9      | Noticed Grum
 12336 | D:9      | Killed Grum
 12634 | D:9      | Reached skill level 4 in Necromancy
 12691 | D:9      | Noticed a centaur warrior
 12698 | D:9      | Killed a centaur warrior
 13001 | D:9      | Reached *** piety under Kikubaaqudgha
 13001 | D:9      | Received a gift from Kikubaaqudgha
 13067 | D:9      | Noticed a deep elf pyromancer
 13084 | D:9      | Killed a deep elf pyromancer
 13085 | D:9      | Reached skill level 5 in Necromancy
 13408 | D:9      | Noticed a deep elf pyromancer
 13419 | D:9      | Killed a deep elf pyromancer
 13641 | D:9      | Found a staircase to the Lair.
 13749 | D:10     | Entered Level 10 of the Dungeon
 13914 | D:10     | Gained mutation: Your thick and shaggy fur keeps you warm.
                  | (AC +3, rC+) [Felid growth]
 13914 | D:10     | Reached XP level 12. HP: 64/65 MP: 18/26
 14094 | D:10     | Noticed a two-headed ogre
 14105 | D:10     | Killed a two-headed ogre
 14381 | D:10     | Reached skill level 6 in Necromancy
 14390 | D:10     | Learned a level 4 spell: Anguish
 14394 | D:10     | Reached **** piety under Kikubaaqudgha
 15126 | D:10     | HP: 2/65 [yak (10)]
 15127 | D:10     | Slain by a yak
 15127 | D:10     | Lost a life (1 life remaining)
 15414 | D:11     | Found Xogoeggecw's Demolitions Depot.
 15479 | D:11     | Noticed a two-headed ogre
 15492 | D:11     | Killed a two-headed ogre
 15493 | D:11     | Reached skill level 10 in Stealth
 15508 | D:11     | Found a frozen archway.
 15530 | IceCv    | Entered an ice cave
 15541 | IceCv    | Found a transporter.
 15548 | IceCv    | Found a transporter.
 15804 | D:11     | Reached skill level 7 in Necromancy
 16010 | D:11     | Reached skill level 10 in Dodging
 16066 | D:11     | Noticed a centaur warrior
 16074 | D:11     | Killed a centaur warrior
 16290 | D:11     | Identified the +0 robe of Kikubaaqudgha's Hatred {Slay+2}
 16290 | D:11     | Noticed an ogre mage
 16305 | D:11     | Killed an ogre mage
 16612 | D:11     | Noticed a boulder beetle
 16621 | D:11     | Killed a boulder beetle
 16652 | D:11     | Found a staircase to the Orcish Mines.
 16860 | D:11     | Reached ***** piety under Kikubaaqudgha
 17042 | D:12     | Reached skill level 8 in Necromancy
 17243 | D:12     | Reached skill level 10 in Spellcasting
 17512 | D:12     | Identified a scroll of acquirement
 17512 | D:12     | Acquired a Grand Grimoire
 17678 | D:12     | Reached XP level 13. HP: 43/70 MP: 1/28
 17678 | D:12     | Gained a life (2 lives remaining)
 18345 | D:12     | You fall into a shaft and drop 3 floors!
 18345 | D:15     | Entered Level 15 of the Dungeon
 18730 | D:12     | Reached skill level 9 in Necromancy
 19202 | Lair:1   | Entered Level 1 of the Lair of Beasts
 19245 | Lair:1   | Reached skill level 1 in Hexes
 19854 | Lair:1   | Reached skill level 10 in Fighting
 20867 | Lair:1   | Reached skill level 5 in Hexes
 21175 | Lair:1   | Learned a level 4 spell: Martyr's Knell
 21271 | Lair:2   | Found a hole to the Spider Nest.
 21534 | Lair:2   | Found a staircase to the Swamp.
 22037 | Lair:2   | Found a runed translucent door.
 22037 | Lair:2   | Noticed Bediveer's ghost (journeyman OnAE)
 22666 | Lair:3   | Reached skill level 10 in Summonings
 22666 | Lair:3   | Reached skill level 10 in Necromancy
 23863 | Lair:4   | Reached XP level 14. HP: 64/77 MP: 10/30
 24539 | Lair:5   | Entered Level 5 of the Lair of Beasts
 24589 | Lair:5   | Reached skill level 11 in Necromancy
 24591 | Lair:5   | Found a staircase to the Slime Pits.
 24591 | Lair:5   | Found a viscous altar of Jiyva.
 25126 | Orc:1    | Entered Level 1 of the Orcish Mines
 25264 | Orc:1    | Reached ****** piety under Kikubaaqudgha
 25399 | Orc:1    | Killed by an exploding orc warrior... ignited by their
                  | inner flame
 25399 | Orc:1    | Lost a life (1 life remaining)
 25630 | Orc:1    | Noticed Maurice
 25664 | Orc:1    | Killed Maurice
 25665 | Orc:1    | Reached skill level 12 in Necromancy
 25845 | Orc:1    | Noticed an orc warlord
 25868 | Orc:1    | Killed an orc warlord
 25944 | Orc:1    | Found a roughly hewn altar of Beogh.
 26152 | Orc:2    | Entered Level 2 of the Orcish Mines
 26171 | Orc:2    | Found a roughly hewn altar of Beogh.
 26368 | Orc:2    | Found a staircase to the Elven Halls.
 26862 | Orc:2    | Found Ovvala's General Store.
 26880 | Orc:2    | Reached skill level 13 in Necromancy
 27382 | Orc:2    | Found Fon Kycw's General Store.
 27412 | Orc:2    | Bought a potion of heal wounds for 65 gold pieces
 27412 | Orc:2    | Bought a potion of resistance for 130 gold pieces
 27412 | Orc:2    | Bought a potion of magic for 104 gold pieces
 28282 | Orc:2    | Received a gift from Kikubaaqudgha (forbidden knowledge)
 28503 | Orc:2    | Killed by an exploding blazeheart core
 28503 | Orc:2    | Lost a life (0 lives remaining)
 28760 | Orc:2    | Reached skill level 14 in Necromancy
 29020 | Orc:2    | Found Vunez's Antique Armour Boutique.
 29020 | Orc:2    | Found a one-way gate leading to the halls of Pandemonium.
 29020 | Orc:2    | Found Hauk's Book Shop.
 29515 | Orc:2    | Bought a book of Wicked Creation for 396 gold pieces
 29526 | Orc:2    | Learned a level 6 spell: Death Channel
 29535 | Orc:2    | Learned a level 7 spell: Haunt
 30006 | Lair:5   | Reached XP level 15. HP: 65/80 MP: 2/32
 30006 | Lair:5   | Gained a life (1 life remaining)
 31051 | Slime:1  | Entered Level 1 of the Pits of Slime
 31055 | Slime:1  | Noticed an acid blob
 31067 | Slime:1  | Killed an acid blob
 31369 | Slime:2  | Noticed a rockslime
 31373 | Slime:2  | Noticed a rockslime
 31379 | Slime:2  | Killed a rockslime
 31384 | Slime:2  | Killed a rockslime
 31402 | Slime:2  | Gained mutation: Your magical capacity is low. (-10% MP) [a
                  | shining eye]
 31422 | Slime:2  | Reached skill level 15 in Necromancy
 31428 | Slime:2  | Noticed an acid blob
 31430 | Slime:2  | Killed an acid blob
 31610 | Slime:1  | Noticed an acid blob
 31620 | Slime:1  | Killed an acid blob
 31630 | Slime:1  | Noticed an acid blob
 31634 | Slime:1  | Killed an acid blob
 31665 | Slime:1  | Found a viscous altar of Jiyva.
 31672 | Slime:1  | Noticed a rockslime
 31679 | Slime:1  | Killed a rockslime
 31947 | Slime:3  | Noticed an azure jelly
 31951 | Slime:3  | Killed an azure jelly
 31959 | Slime:3  | Noticed a rockslime
 31975 | Slime:3  | Killed a rockslime
 32021 | Slime:3  | Noticed an azure jelly
 32031 | Slime:3  | Killed an azure jelly
 32074 | Slime:3  | Noticed an acid blob
 32090 | Slime:3  | Killed an acid blob
 32198 | Slime:3  | Noticed an acid blob
 32205 | Slime:3  | Killed an acid blob
 32206 | Slime:3  | Reached XP level 16. HP: 85/85 MP: 6/30
 32206 | Slime:3  | Gained a life (2 lives remaining)
 32206 | Slime:3  | Noticed an acid blob
 32212 | Slime:3  | Killed an acid blob
 32768 | Slime:4  | Noticed an acid blob
 32773 | Slime:4  | Killed an acid blob
 32832 | Slime:4  | Noticed an acid blob
 32842 | Slime:4  | Killed an acid blob
 32872 | Slime:4  | Noticed an acid blob
 32882 | Slime:4  | Killed an acid blob
 33242 | Slime:5  | Entered Level 5 of the Pits of Slime
 33249 | Slime:5  | Noticed an acid blob
 33266 | Slime:5  | Noticed an acid blob
 33273 | Slime:5  | Killed an acid blob
 33332 | Slime:5  | Noticed an acid blob
 33332 | Slime:5  | Noticed the Royal Jelly
 33342 | Slime:5  | Noticed an acid blob
 33379 | Slime:5  | Noticed an acid blob
 33386 | Slime:5  | Noticed an acid blob
 33396 | Slime:5  | Killed an acid blob
 33397 | Slime:5  | Reached skill level 16 in Necromancy
 33547 | Slime:5  | Noticed an acid blob
 33554 | Slime:5  | Killed an acid blob
 33571 | Slime:5  | Found a viscous altar of Jiyva.
 33572 | Slime:5  | Gained mutation: You occasionally lose the ability to drink
                  | potions when taking damage. [a shining eye]
 33613 | Slime:5  | Noticed an acid blob
 33615 | Slime:5  | Noticed an acid blob
 34122 | Slime:5  | Noticed an acid blob
 34123 | Slime:5  | Noticed an acid blob
 34129 | Slime:5  | Killed an acid blob
 34132 | Slime:5  | Killed an acid blob
 34209 | Slime:5  | Killed an acid blob
 34256 | Slime:5  | Noticed an acid blob
 34259 | Slime:5  | Killed an acid blob
 34262 | Slime:5  | Fell from the grace of Kikubaaqudgha
 34262 | Slime:5  | Became a worshipper of Jiyva Jirchuan the Shapeless
 34263 | Slime:5  | Noticed an acid blob
 34264 | Slime:5  | Found the ring of the Mage {Wiz Archmagi}
 34298 | Slime:5  | Upgraded the game from 0.32-a0-705-g60f233581c to
                  | 0.32-a0-711-g016ad743e0
 35353 | D:13     | Found Goekhefoc's Distillery.
 35361 | D:13     | Bought a potion of magic for 104 gold pieces
 35361 | D:13     | Bought a potion of curing for 39 gold pieces
 35361 | D:13     | Bought a potion of heal wounds for 65 gold pieces
 35361 | D:13     | Bought a potion of heal wounds for 65 gold pieces
 35416 | D:13     | Reached * piety under Jiyva
 36383 | D:14     | Found a stormy altar of Qazlal.
 36399 | D:14     | Reached ** piety under Jiyva
 36595 | D:14     | Found a gate to the Vaults.
 36681 | D:14     | Found Xiklea's Book Shop.
 36793 | D:14     | Reached skill level 15 in Summonings
 37395 | D:15     | Reached *** piety under Jiyva
 37497 | D:15     | Identified the +1 robe of the Harvest Moon {Str+6}
 37653 | D:15     | Found a staircase to the Depths.
 37686 | D:15     | Lost mutation: Your magical capacity is low. (-10% MP)
                  | [Jiyva's grace]
 37686 | D:15     | Lost mutation: You occasionally lose the ability to drink
                  | potions when taking damage. [Jiyva's grace]
 37686 | D:15     | Gained mutation: You have acidic saliva. [Jiyva's grace]
 37686 | D:15     | Gained mutation: You have an increased reservoir of magic.
                  | (+10% MP) [Jiyva's grace]
 37686 | D:15     | Gained mutation: You have a considerably increased
                  | reservoir of magic. (+20% MP) [Jiyva's grace]
 37686 | D:15     | Gained mutation: You have a greatly increased reservoir of
                  | magic. (+30% MP) [Jiyva's grace]
 38150 | Spider:1 | Entered Level 1 of the Spider Nest
 38150 | Spider:1 | Noticed Donald
 38170 | Spider:1 | Slain by a wolf spider
 38170 | Spider:1 | Lost a life (1 life remaining)
 38178 | Spider:1 | Reached XP level 17. HP: 89/89 MP: 37/46
 38459 | Spider:1 | Killed Donald
 38693 | Spider:1 | Reached **** piety under Jiyva
 38739 | Spider:1 | Reached skill level 17 in Necromancy
 39601 | Spider:2 | Reached skill level 15 in Spellcasting
 40039 | Spider:3 | Reached ***** piety under Jiyva
 40271 | Spider:3 | Learned a level 8 spell: Infestation
 40649 | Spider:3 | Gained mutation: You have a small jelly attached to you
                  | that may absorb projectiles. [Jiyva's grace]
 40649 | Spider:3 | Gained mutation: You have a small jelly attached to you
                  | that senses nearby items. [Jiyva's grace]
 40649 | Spider:3 | Gained mutation: Your body has grown eyes which may confuse
                  | attackers. (Acc +3) [Jiyva's grace]
 40649 | Spider:3 | Gained mutation: Your body has grown many eyes which may
                  | confuse attackers. (Acc +5) [Jiyva's grace]
 40721 | Spider:4 | Entered Level 4 of the Spider Nest
 40913 | Spider:4 | Blown up by an orb spider
 40913 | Spider:4 | Lost a life (0 lives remaining)
 40944 | Spider:4 | Reached skill level 18 in Necromancy
 40989 | Spider:4 | Reached XP level 18. HP: 87/91 MP: 35/50
 41169 | Spider:4 | HP: 2/93 [wolf spider (9)]
 41351 | Spider:4 | Reached skill level 19 in Necromancy
 41392 | Spider:4 | Slain by a steelbarb worm

Illustrated notes

Levels and vault maps discovered:
D:1:      co_arrival_random_square_maze, layout_basic, serial_rivers,
          chequers_serial_rivers_micro_c, chequers_serial_rivers_room_a,
          chequers_serial_rivers_small_a, chequers_serial_rivers_marsh,
          minmay_tromino_v4_b
D:2:      layout_basic, st_stairs_12, serial_bayou_lake_a, uniq_sigmund
D:3:      layout_rooms, ebering_ghost_inner_flame, serial_corexii_hall,
          chequers_hall_statues_y, chequers_hall_statues_wall_a,
          corexii_hall_statues_i
D:4:      layout_loops_corners, serial_shops, nicolae_shop_tiny_glass,
          hangedman_decor_clover_reticule, kennysheep_donut,
          kennysheep_generic_room_11
D:5:      layout_loops_ring, mainiacjoe_overflow_alcove_2,
          mainiacjoe_overflow_alcove_4, hellmonk_ghost_happy_afterlife,
          uniq_ijyb, uniq_prince_ribbit1
D:6:      layout_loops_ring, mainiacjoe_overflow_24_doors, uniq_pikel
D:7:      layout_basic, temple_doors_e, mainiacjoe_ossuary_entry_dusty_tomb,
          wad_rectangle_vault, uniq_joseph
D:8:      layout_gridville, gammafunk_temple_overflow_statue, enter_bailey_3,
          gammafunk_ghost_hive, serial_bayou_pond_d
D:9:      minmay_quarter_circles, layout_loops_ring, nicolae_vehumet_radiance,
          nicolae_hepliaklqana_monster_ancestors, david_lair_shrubbed, uniq_grum
D:10:     layout_roguey
D:11:     layout_basic, kennysheep_orc_monster_closet_entryway,
          portal_ice_cave_rime, nicolae_blasting_shop, minmay_diamond_spiral
D:12:     layout_loops_ring
D:13:     layout_basic, serial_shops, shop
D:14:     layout_loops_ring, skrybe_vaults_entry_preservation,
          nicolae_qazlal_scattered_showers, nicolae_stop_n_shop_2
D:15:     grunt_enter_depths_magical_seal, layout_basic,
          nicolae_figureground_pulse
Temple:   bh_familiar_temple
Lair:1:   lemuel_reptile_caves, layout_cave_shapes, minivault_25
Lair:2:   layout_cellular_growth, swamp_mist_pool,
          nicolae_spider_entry_non_spiders, gammafunk_ghost_grave
Lair:3:   layout_regular_city, grunt_forest_large_clearings, grunt_megastairs_5,
          lemuel_fruit_tree
Lair:4:   layout_small_grid
Lair:5:   grunt_lair_end_beastmaster, layout_gridlike, slime_entry_1,
          serial_forest, infiniplex_forest_lined_3,
          infiniplex_forest_lined_ring, infiniplex_forest_lined_2,
          infiniplex_forest_straight_4, infiniplex_forest_clump_C,
          infiniplex_forest_lined_3, infiniplex_forest_corner_1,
          infiniplex_forest_lined_1, infiniplex_forest_straight_1
Spider:1: layout_spider_delve, drop_trap, uniq_donald
Spider:2: layout_spider_delve, hangedman_spider_mandibles
Spider:3: layout_spider_delve
Spider:4: hellmonk_spider_rune_endless_swarm
Slime:1:  layout_caves, basic_altar
Slime:2:  layout_caves
Slime:3:  cheibrodos_slime_lost_civilization_3, layout_caves
Slime:4:  layout_caves, cheibrodos_slime_lost_civilization_5
Slime:5:  slime_pit_nicolae_trefoil
Orc:1:    layout_caves, special_room [special_room_orc], uniq_maurice
Orc:2:    pf_orc_diabolical, layout_diamond_mine, basic_altar

Skill      XL: |  1  2  3  4  5  6  7  8  9 10 11 12 13 14 15 16 17 18 |
---------------+-------------------------------------------------------+-----
Stealth        | 3 4 5 6 7 8 9 10 | 10.0
Dodging        | 3 4 5 6 7 9 10 | 10.0
Fighting       | 1 2 3 6 7 8 9 10 | 10.0
Spellcasting   | 3 8 9 10 11 12 13 14 15 16 | 16.0
Fire Magic     | 1 3 4 5 |  5.0
Summonings     | 5 6 7 8 10 12 15 16 | 16.0
Air Magic      | 6 7 |  7.0
Necromancy     | 2 5 8 10 14 15 16 18 19 | 19.1
Hexes          | 5 |  5.0

Action                     |  1- 3 |  4- 6 |  7- 9 | 10-12 | 13-15 | 16-18 || total
---------------------------+-------+-------+-------+-------+-------+-------++-------
  Melee: Unarmed           |    15 |     9 |    46 |    67 |   158 |    54 ||   349
         Bite              |       |     2 |     4 |    12 |    23 |     8 ||    49
         Punch             |       |       |     2 |       |     3 |     1 ||     6
   Cast: Summon Small Mamm |    47 |    23 |    26 |    22 |    42 |    18 ||   178
         Call Imp          |    12 |    13 |    17 |    18 |    24 |       ||    84
         Call Canine Famil |     5 |    13 |    10 |    24 |    24 |    15 ||    91
         Summon Blazeheart |       |     1 |    14 |    87 |    47 |    83 ||   232
         Summon Lightning  |       |       |       |    76 |    56 |    32 ||   164
         Animate Dead      |       |       |       |     8 |    31 |    35 ||    74
         Anguish           |       |       |       |    14 |   168 |   164 ||   346
         Martyr's Knell    |       |       |       |       |     5 |     2 ||     7
         Death Channel     |       |       |       |       |    16 |    48 ||    64
         Haunt             |       |       |       |       |    10 |    38 ||    48
         Infestation       |       |       |       |       |       |    29 ||    29
 Invoke: Unearth Wretches  |       |       |       |       |    13 |    17 ||    30
         Receive Forbidden |       |       |       |       |     1 |       ||     1
  Evoke: Wand              |       |       |       |     5 |     9 |     5 ||    19
    Use: Scroll            |       |     4 |     9 |    10 |    16 |    16 ||    55
         Potion            |       |       |     1 |     3 |     7 |     9 ||    20
   Stab: Sleeping          |     3 |     2 |     3 |     2 |     5 |       ||    15
         Distracted        |     1 |       |     1 |     3 |     4 |     2 ||    11
         Paralysed         |       |       |       |       |    12 |    11 ||    23
 Armour: Skin              |     6 |     7 |    25 |   120 |   123 |   151 ||   432
  Dodge: Dodged            |    24 |    10 |    45 |   212 |   499 |   262 ||  1052
  Block: Other             |       |       |       |       |    19 |    53 ||    72
         Reflection        |       |       |       |       |     1 |     1 ||     2

Table legend: (Time is in decaauts)
 A = Elapsed time spent in this place.
 B = Non-inter-level travel time spent in this place.
 C = Inter-level travel time spent in this place.
 D = Time resting spent in this place.
 E = Time spent auto-exploring this place.
 F = Levels seen in this place.
 G = Mean time per level.
                   A        B        C        D        E       F      G
               +--------+--------+--------+--------+--------+-----+--------+
         Total |  41505 |  39776 |   1729 |   7378 |  20696 |  33 | 1257.7 |
       Dungeon |  22532 |  21605 |    927 |   3497 |  13421 |  15 | 1502.1 |
        Temple |     45 |      1 |     44 |      0 |      0 |   1 |   45.0 |
          Lair |   7312 |   6929 |    383 |    685 |   4628 |   5 | 1462.4 |
   Spider Nest |   3282 |   3225 |     57 |    222 |   1023 |   4 |  820.5 |
    Slime Pits |   3525 |   3331 |    194 |    889 |    290 |   5 |  705.0 |
  Orcish Mines |   4560 |   4438 |    122 |   1887 |   1333 |   2 | 2280.0 |
      Ice Cave |    245 |    245 |      0 |    198 |      0 |   1 |  245.0 |
               +--------+--------+--------+--------+--------+-----+--------+

Top non-repeatable levels by time:
   Orc:2: 3210 daAuts
     D:7: 2676 daAuts
     D:9: 2208 daAuts
  Lair:1: 2042 daAuts
    D:12: 1907 daAuts
  Lair:5: 1724 daAuts
    D:11: 1699 daAuts
    D:13: 1540 daAuts
  Lair:2: 1527 daAuts
    D:10: 1505 daAuts
     D:2: 1465 daAuts
     D:1: 1459 daAuts
     D:8: 1438 daAuts
     D:5: 1429 daAuts
   Orc:1: 1350 daAuts
